 Dungeon Crawl Stone Soup version 0.23.2-1-ga50397a (webtiles) character file.

Game seed: 9350291442737475489

6209 whitewolfNL the Grappler (level 10, -2/96 HPs)
             Began as a Troll Berserker on Apr 17, 2019.
             Was a High Priest of Trog.
             Slain by a freezing wraith (6 damage)
             ... on level 10 of the Dungeon.
             The game lasted 00:41:46 (7826 turns).

whitewolfNL the Grappler (Troll Berserker)          Turns: 7826, Time: 00:41:47

Health: -2/96      AC:  6    Str: 29    XL:     10   Next: 61%
Magic:  0/9        EV: 12    Int:  4    God:    Trog [*****.]
Gold:   594        SH:  0    Dex: 11    Spells: 9/9 levels left

rFire    . . .     SeeInvis .     - Unarmed
rCold    . . .     Gourm    +   (no shield)
rNeg     + . .     Faith    .   C - +0 robe of Intuition {+Inv MR+ Str+2}
rPois    .         Spirit   +   (helmet restricted)
rElec    .         Reflect  .   (no cloak)
rCorr    .         Harm     .   (gloves unavailable)
MR       ++...                  (boots unavailable)
Stlth    ++........             d - amulet of guardian spirit
HPRegen  0.66/turn              b - ring of protection from magic
MPRegen  0.11/turn              R - ring of positive energy

@: berserk cooldown, slowed, very slow
A: large, unfitting armour, claws 3, fast metabolism 3, gourmand, regeneration
1, shaggy fur 1, tough skin 3
a: Berserk, Trog's Hand, Brothers in Arms, Renounce Religion, Evoke Invisibility


You were on level 10 of the Dungeon.
You worshipped Trog.
Trog was extremely pleased with you.
You were very full.

You visited 1 branch of the dungeon, and saw 11 of its levels.
You also visited: Sewer.

You collected 594 gold pieces.

Inventory:

Hand Weapons
 a - a +0 mace
 y - a +0 blowgun
 D - a +4 dire flail
 W - a +0 giant spiked club
Missiles
 n - 13 curare-tipped needles
 o - 34 poisoned needles
 t - a throwing net
 z - 33 bolts
 F - 2 exploding tomahawks (quivered)
 L - 7 large rocks
Armour
 C - the +0 robe of Intuition (worn) {+Inv MR+ Str+2}
   (You found it on level 5 of the Dungeon)

   It affects your strength (+2).
   It affects your resistance to hostile enchantments.
   It lets you turn invisible.
 K - a +2 robe of fire resistance
Jewellery
 b - a ring of protection from magic (left claw)
 d - an amulet of guardian spirit (around neck)
 Q - an uncursed ring of protection from fire
 R - a ring of positive energy (right claw)
Wands
 B - a wand of enslavement (9)
 E - a wand of iceblast (7)
 G - a wand of polymorph (12)
 P - a wand of disintegration (12)
 S - a wand of random effects (45)
 V - a wand of digging (2)
Scrolls
 g - a scroll of enchant weapon {unknown}
 h - 6 scrolls of teleportation
 i - a scroll of brand weapon {unknown}
 k - a scroll of random uselessness {unknown}
 l - a scroll of magic mapping {unknown}
 r - a scroll of enchant armour {unknown}
 u - 4 scrolls of fog
 H - 2 scrolls of silence {unknown}
 J - 2 scrolls of fear
 M - 2 scrolls of identify
 N - a scroll of immolation {unknown}
 O - a scroll of blinking {unknown}
 U - a scroll of remove curse
Potions
 e - 7 potions of flight
 f - a potion of lignification {unknown}
 j - 3 potions of curing
 m - a potion of invisibility {unknown}
 p - 2 potions of berserk rage {unknown}
 q - 2 potions of heal wounds
 s - 2 potions of brilliance {unknown}
 v - 3 potions of ambrosia {unknown}
 w - a potion of resistance {unknown}
 A - 2 potions of agility
 I - 2 potions of magic {unknown}
 T - 2 potions of might {unknown}
Comestibles
 c - 17 rations
 x - a chunk of flesh


   Skills:
 * Level 5.0 Fighting
 + Level 3.2 Maces & Flails
 * Level 4.6 Throwing
 * Level 6.3 Dodging
 - Level 3.0 Stealth
 * Level 11.0 Unarmed Combat


You had 9 spell levels left.
You didn't know any spells.
Your spell library was empty.

Dungeon Overview and Level Annotations

Branches:
Dungeon (11/15)            Temple (0/1) D:7            Lair (0/6) D:9
    Orc: D:9-12

Altars:
Ashenzari
Fedhas
Hepliaklqana
Okawaru
Sif Muna
Trog
Uskayaw
Wu Jian


Innate Abilities, Weirdness & Mutations

You are too large for most types of armour.
You have claws for hands.
Your metabolism is lightning-fast.
You like to eat raw meat.
Your natural rate of healing is unusually fast.
You are covered in fur. (AC +1)
You have extremely tough skin. (AC +3)


Message History

Trog's vigour flows through your veins.
You are exhausted.
You feel as though you will be slow longer.
You feel much better. The freezing wraith closely misses you.
The freezing wraith hits you!
* * * LOW HITPOINT WARNING * * *
The freezing wraith drains your vigour!
You feel as though you will be slow longer.
The freezing wraith barely misses you. The freezing wraith hits you.
* * * LOW HITPOINT WARNING * * *
The freezing wraith drains your vigour!
You feel as though you will be slow longer.
As you read the scroll of fear, it crumbles to dust.
You assume a fearsome visage.
The freezing wraith is unaffected.
The freezing wraith hits you!
* * * LOW HITPOINT WARNING * * *
The freezing wraith freezes you!
* * * LOW HITPOINT WARNING * * *
The freezing wraith hits you.
You die...

####.(...# .##
. #...(###.#
.. #.##.#.#.##
#.##.#.......#
#..'.##...##.+
####.......# #
##.#.#.##.#
#.###....#
#....@####
#####W##
#......##
#####...#
##..# #.## .##
.# ..


You could see a freezing wraith.

Vanquished Creatures
  A two-headed ogre (D:10)
  The ghost of Pad the Ruffian, a novice NaTm (D:6)
  A centaur skeleton (D:10)
  2 komodo dragons
  Prince Ribbit (D:6)
  3 hippogriffs
  Sigmund (D:2)
  A hungry ghost (D:9)
  Menkaure (D:4)
  A sky beast (D:6)
  An ice beast (D:7)
  2 orc warriors
  Purgy (Sewer)
  2 phantoms
  A necrophage (D:8)
  5 centaurs
  An ogre (D:10)
  3 bullfrogs
  A wyvern skeleton (D:8)
  A scorpion (D:4)
  5 wights
  2 howler monkeys
  2 centaur zombies
  6 crimson imps
  A quasit (D:8)
  A jelly (D:8)
  A gnoll shaman (D:9)
  A bullfrog zombie (D:10)
  4 hounds
  Crazy Yiuf (D:6)
  4 orc priests
  3 iguanas
  4 orc wizards
  5 worker ants
  2 hound zombies
  A hound skeleton (D:8)
  17 gnolls
  A howler monkey skeleton (D:5)
  11 adders
  2 shadow imps (D:9)
  An ooze (D:2)
  2 worms
  A dart slug (D:1)
  6 leopard geckos
  22 orcs
  7 giant cockroaches
  9 hobgoblins
  15 jackals
  9 kobolds
  6 quokkas
  3 ball pythons
  11 bats
  12 frilled lizards
  2 goblins (D:3)
  A leopard gecko skeleton (D:4)
  11 rats
  A plant (D:9)
224 creatures vanquished.

Vanquished Creatures (others)
  An orc wizard (D:10)
  A worker ant zombie (D:10)
2 creatures vanquished.

Grand Total: 226 creatures vanquished

Notes
Turn   | Place    | Note
-------+----------+-------------------------------------------
     0 | D:1      | whitewolfNL the Troll Berserker began the quest for the
                  | Orb.
     0 | D:1      | Reached XP level 1. HP: 22/22 MP: 0/0
   124 | D:1      | Reached XP level 2. HP: 29/29 MP: 1/1
   895 | D:2      | Reached XP level 3. HP: 31/36 MP: 2/2
   915 | D:2      | Noticed Sigmund
   926 | D:2      | Killed Sigmund
   926 | D:2      | Reached ** piety under Trog
   926 | D:2      | Reached skill level 1 in Throwing
   926 | D:2      | Reached skill level 1 in Unarmed Combat
   926 | D:2      | Reached XP level 4. HP: 44/44 MP: 1/3
   926 | D:2      | Reached XP level 5. HP: 52/52 MP: 1/4
  1698 | D:3      | Reached skill level 2 in Unarmed Combat
  1751 | D:3      | Reached skill level 1 in Stealth
  2279 | D:3      | Reached XP level 6. HP: 61/61 MP: 5/5
  2289 | D:3      | Reached *** piety under Trog
  2606 | D:4      | Noticed Menkaure
  2616 | D:4      | Killed Menkaure
  2616 | D:4      | Reached skill level 3 in Unarmed Combat
  2650 | D:4      | Reached XP level 7. HP: 53/67 MP: 4/6
  2681 | D:4      | Reached skill level 4 in Unarmed Combat
  2776 | D:4      | Found a shattered altar of Ashenzari.
  2997 | D:5      | Entered Level 5 of the Dungeon
  3127 | D:5      | Got a colourful robe
  3138 | D:5      | Identified the +0 robe of Intuition {+Inv MR+ Str+2} (You
                  | found it on level 5 of the Dungeon)
  3389 | D:5      | Reached skill level 5 in Unarmed Combat
  3457 | D:5      | Received a gift from Trog
  3637 | D:5      | Reached XP level 8. HP: 75/75 MP: 7/7
  3756 | D:6      | Found a runed translucent door.
  3796 | D:6      | HP: 2/75 [wight/+4 dire flail (2)]
  3943 | D:6      | Noticed Pad's ghost (novice NaTm)
  3963 | D:6      | Killed Pad's ghost
  3963 | D:6      | Reached skill level 5 in Dodging
  3963 | D:6      | Reached skill level 6 in Unarmed Combat
  3966 | D:6      | Reached skill level 7 in Unarmed Combat
  3981 | D:6      | Found a runed translucent door.
  4049 | D:6      | Noticed Prince Ribbit
  4067 | D:6      | Killed Prince Ribbit
  4109 | D:6      | Found an iron altar of Okawaru.
  4118 | D:6      | Reached XP level 9. HP: 84/84 MP: 8/8
  4208 | D:6      | Reached **** piety under Trog
  4211 | D:6      | Found a glowing drain.
  4232 | Sewer    | Entered a sewer
  4255 | Sewer    | Noticed Purgy
  4258 | Sewer    | Killed Purgy
  4476 | D:6      | Found a runed translucent door.
  4477 | D:6      | Noticed Crazy Yiuf
  4651 | D:6      | Reached skill level 8 in Unarmed Combat
  4876 | D:6      | Killed Crazy Yiuf
  5171 | D:7      | Found a staircase to the Ecumenical Temple.
  5857 | D:8      | Reached skill level 9 in Unarmed Combat
  6118 | D:9      | Received a gift from Trog
  6366 | D:9      | Reached XP level 10. HP: 91/94 MP: 9/9
  6515 | D:9      | Found an ornate altar of the Wu Jian Council.
  6529 | D:9      | Found a bloodstained altar of Trog.
  6529 | D:9      | Found a deep blue altar of Sif Muna.
  6551 | D:9      | Found a hide-covered altar of Uskayaw.
  6570 | D:9      | Found a hazy altar of Hepliaklqana.
  6660 | D:9      | Found a blossoming altar of Fedhas.
  6698 | D:9      | Found a staircase to the Lair.
  7046 | D:8      | Reached ***** piety under Trog
  7050 | D:8      | Reached skill level 10 in Unarmed Combat
  7385 | D:10     | Entered Level 10 of the Dungeon
  7385 | D:10     | Noticed a two-headed ogre
  7388 | D:10     | Killed a two-headed ogre
  7667 | D:10     | Reached skill level 5 in Fighting
  7746 | D:10     | Reached skill level 11 in Unarmed Combat
  7826 | D:10     | HP: 4/96 [freezing wraith (9)]
  7826 | D:10     | Slain by a freezing wraith

Skill      XL: |  1  2  3  4  5  6  7  8  9 10 |
---------------+-------------------------------+-----
Maces & Flails | 3 |  3.2
Throwing       | 1 2 3 4 |  4.6
Dodging        | 3 4 5 6 |  6.3
Unarmed Combat | 1 2 3 5 7 9 11 | 11.0
Fighting       | 3 4 5 |  5.0
Stealth        | 1 2 3 |  3.0

Action                   |  1- 3 |  4- 6 |  7- 9 | 10-12 || total
-------------------------+-------+-------+-------+-------++-------
Melee: Mace              |    68 |       |       |       ||    68
       Unarmed           |    18 |   146 |   299 |   115 ||   578
       Punch             |       |     1 |     8 |     6 ||    15
Invok: Berserk           |     3 |     1 |     9 |     7 ||    20
 Abil: Evoke Invisibilit |       |       |       |     1 ||     1
  Use: Scroll            |       |       |     6 |     6 ||    12
       Potion            |       |       |       |     1 ||     1
 Stab: Sleeping          |     1 |     3 |     4 |       ||     8
  Eat: Chunk             |    16 |    18 |    50 |    20 ||   104
Armor: Animal skin       |    65 |    18 |       |       ||    83
       Robe              |       |    35 |    80 |    23 ||   138
Dodge: Dodged            |    90 |    79 |   162 |    59 ||   390
